 Dungeon Crawl Stone Soup version 0.17-a0-1850-g688e747 (webtiles) character file.

2443 derrpe the Conjurer (level 9, -5/61 HPs)
             Began as an Octopode Wizard on Sept 19, 2015.
             Was an Initiate of Sif Muna.
             Shot with a sling bullet by Joseph (14 damage)
             ... on level 7 of the Dungeon.
             The game lasted 00:20:25 (7818 turns).

derrpe the Conjurer (Octopode Wizard)               Turns: 7818, Time: 00:20:25

Health: -5/61      AC:  8    Str:  7    XL:     9   Next: 49%
Magic:  1/13       EV: 13    Int: 28    God:    Sif Muna [......]
Gold:   384        SH:  4    Dex: 10    Spells: 6 memorised, 1 level left

rFire  + + .     SeeInvis .     k - +10 hunting sling of Yxaatiod {flame, rElec}
rCold  . . .     Clarity  .     I - +0 buckler
rNeg   . . .     SustAt   .     a - +1 hat
rPois  .         Gourm    .     (no amulet)
rElec  +         Spirit   .     o - +2 ring of protection
rCorr  .         Warding  .     t - ring of protection from fire
rMut   .         Stasis   .     p - ring of protection from fire
MR     +....                    v - ring of protection from magic
Stlth  +++.......               x - +4 ring of protection
                                C - +5 ring of intelligence
                                (no ring)
                                (no ring)

@: very slightly contaminated, somewhat resistant to hostile enchantments,
fairly stealthy
A: almost no armour, amphibious, 8 rings, constrict 8, camouflage 1, gelatinous
body 1
a: Renounce Religion


You were on level 7 of the Dungeon.
You worshipped Sif Muna.
Sif Muna was noncommittal.
You were very hungry.

You visited 1 branch of the dungeon, and saw 7 of its levels.
You also visited: Ossuary.

You collected 384 gold pieces.

Inventory:

Hand weapons
 k - the +10 hunting sling of Yxaatiod (weapon) {flame, rElec}
   (You found it on level 4 of the Dungeon)

   It causes projectiles fired from it to burn those they strike, causing extra
   injury to most foes and up to half again as much damage against particularly
   susceptible opponents.
   It insulates you from electricity.
 y - a +1 mace of draining
Missiles
 g - 5 javelins
 h - 168 stones (quivered)
 E - 23 sling bullets
Armour
 a - a +1 hat (worn)
 I - a +0 buckler (worn)
Magical staves
 z - an uncursed staff of earth
Rods
 r - a +2 rod of destruction (11/11)
   (You found it on level 2 of the Dungeon)
Jewellery
 o - a +2 ring of protection (left tentacle)
 p - a ring of protection from fire (on tentacle)
 t - a ring of protection from fire (right tentacle)
 v - a ring of protection from magic (on tentacle)
 x - a +4 ring of protection (on tentacle)
 C - a +5 ring of intelligence (on tentacle)
Magical devices
 F - a wand of slowing (17)
 J - a wand of confusion (21)
 O - a wand of hasting (4)
Scrolls
 i - 9 scrolls of teleportation
 n - 2 scrolls of enchant weapon
 q - a scroll of recharging
 s - 3 scrolls of remove curse
 u - 3 scrolls of enchant armour
 G - a scroll of brand weapon {unknown}
 K - a scroll of amnesia
 L - a scroll of immolation {unknown}
 N - a scroll of blinking {unknown}
Potions
 d - 5 potions of curing {unknown}
 e - a potion of haste
 f - 5 potions of heal wounds
 l - 4 potions of brilliance {unknown}
 w - 2 potions of flight
 B - 2 potions of lignification
 D - a potion of invisibility
Books
 b - a book of Minor Magic

   Spells                             Type                      Level
   a - Magic Dart                     Conjuration                  1
   b - Blink                          Translocation                2
   c - Call Imp                       Summoning                    2
   d - Repel Missiles                 Charms/Air                   2
   e - Slow                           Hexes                        2
   f - Conjure Flame                  Conjuration/Fire             3
   g - Mephitic Cloud                 Conjuration/Poison/Air       3
 H - a book of Geomancy

   Spells                             Type                      Level
   a - Sandblast                      Earth                        1
   b - Stoneskin                      Transmutation/Earth          2
   c - Passwall                       Transmutation/Earth          3
   d - Stone Arrow                    Conjuration/Earth            3
   e - Petrify                        Transmutation/Earth          4
   f - Lee's Rapid Deconstruction     Earth                        5
Comestibles
 c - 4 bread rations {@e1}
 m - 3 meat rations {@e2}


   Skills:
 + Level 5.5 Fighting
 + Level 5.7 Dodging
 - Level 2.8 Stealth
 - Level 2.2 Shields
 - Level 3.0 Spellcasting
 * Level 7.8 Conjurations
 + Level 1.5 Charms
   Level 1.0 Summonings
 - Level 2.1 Translocations
 + Level 1.3 Transmutations
 - Level 2.1 Air Magic
 + Level 1.4 Earth Magic
 - Level 2.6 Poison Magic


You had one spell level left.
You knew the following spells:

 Your Spells              Type           Power        Failure   Level  Hunger
a - Magic Dart            Conj           ####         1%          1    None
b - Blink                 Tloc           N/A          10%         2    #......
c - Repel Missiles        Chrm/Air       ##....       10%         2    #......
d - Mephitic Cloud        Conj/Pois/Air  ####....     8%          3    ###....
e - Conjure Flame         Conj/Fire      ####....     8%          3    ###....
f - Stoneskin             Trmt/Erth      ##......     10%         2    #......


Dungeon Overview and Level Annotations

Branches:
Dungeon (7/15)
 Temple: D:4-7

Altars:
Fedhas
Nemelex Xobeh
Okawaru
Qazlal
Sif Muna
Xom
The Shining One

Annotations:
D:7 Joseph, Prince Ribbit


Innate Abilities, Weirdness & Mutations

You cannot wear most types of armour.
You are amphibious.
You can wear up to eight rings at the same time.
You can use your tentacles to constrict eight enemies at once.
Your skin changes colour to match your surroundings (Stealth).
Your rubbery body absorbs attacks (AC +1).


Message History

You are very lightly contaminated with residual magic.
Nothing appears to happen.
Casting: Mephitic Cloud
Confirm with . or Enter, or press ? or * to list all spells.
Aiming: Mephitic Cloud
Press: ? - help, Shift-Dir - straight line The ball explodes into a vile cloud!
The stinking cloud engulfs Joseph.
Joseph is heavily wounded.
Joseph shoots a sling bullet.
The sling bullet completely misses you.
Casting: Mephitic Cloud
Confirm with . or Enter, or press ? or * to list all spells.
Aiming: Mephitic Cloud
Press: ? - help, Shift-Dir - straight line You miscast Mephitic Cloud.
Strange energies run through your body.
Joseph shoots a sling bullet.
The sling bullet barely misses you.
Casting: Mephitic Cloud
Confirm with . or Enter, or press ? or * to list all spells.
You don't have enough magic to cast that spell.
Joseph shoots a sling bullet.
The sling bullet hits you!
You die...

*,,*
*,############............
*,,*
*,...................###..
*,,*
**#...............##.##...
*,,* *.#.###.##########.##.##
*,,* *,*,* #.# #....#. *,,*
*,*,* #(# #...... *,,*****,*,*
#.# #...... *<,,,,,,,,,* #(#
#.#.... **,*****,*** #@#
*#.#..#. *,* *,* #.# *.....##
*,* *,* #§# #.#.#... *,* **,**
#§# #.#.###. *,****,,,***#@#*
*,#.* #.
*,,,,,,,,,,,.(.********,*,**#.
******,,,*,,.(.,,,,,,,,,<,,,,,
**,**,*##.********,,,,,,,
*,,,,* *,>,,,,,,,,*,***,


You could see Joseph.

Vanquished Creatures
  2 wraiths (Ossuary)
  Menkaure (D:7)
  Edmund (D:5)
  3 orc warriors
  2 centaurs
  An ogre (D:5)
  A phantom (D:4)
  2 giant frogs
  6 wights
  4 hounds
  A quasit (D:5)
  Crazy Yiuf (D:3)
  An orc priest (D:6)
  Jessica (D:3)
  10 orc wizards
  An iguana (D:5)
  6 worker ants
  A hound skeleton (D:5)
  A mummy (D:7)
  2 hound zombies
  4 gnolls (D:5)
  4 adders
  A shadow imp (D:6)
  An ooze (D:1)
  An adder zombie (Ossuary)
  5 worms
  9 giant geckos
  20 orcs
  8 bats
  3 giant cockroaches
  12 hobgoblins
  6 jackals
  2 quokkas
  A ball python (D:3)
  A giant gecko skeleton (D:5)
  A giant gecko zombie (D:6)
  7 giant newts
  7 goblins
  A hobgoblin skeleton (Ossuary)
  A hobgoblin zombie (Ossuary)
  8 kobolds
  4 orc skeletons (Ossuary)
  4 orc zombies
  A quokka zombie (D:6)
  10 rats
170 creatures vanquished.

Notes
Turn   | Place    | Note
--------------------------------------------------------------
     0 | D:1      | derrpe the Octopode Wizard began the quest for the Orb.
     0 | D:1      | Reached XP level 1. HP: 11/11 MP: 4/4
   296 | D:1      | Reached XP level 2. HP: 18/18 MP: 1/6
   465 | D:1      | Reached skill level 1 in Fighting
   729 | D:1      | Reached XP level 3. HP: 16/23 MP: 2/7
  1853 | D:2      | Learned a level 2 spell: Blink
  1856 | D:2      | Learned a level 2 spell: Repel Missiles
  1860 | D:2      | Learned a level 3 spell: Mephitic Cloud
  2057 | D:2      | Reached skill level 1 in Air Magic
  2151 | D:2      | Reached XP level 4. HP: 29/29 MP: 2/8
  2264 | D:2      | Reached skill level 1 in Poison Magic
  2568 | D:3      | Found a sparkling altar of Nemelex Xobeh.
  2756 | D:3      | Noticed Crazy Yiuf
  2765 | D:3      | Killed Crazy Yiuf
  2773 | D:3      | Identified a +0 rod of destruction (9/9) (You found it on level 2 of the Dungeon)
  2845 | D:3      | Noticed Jessica
  2861 | D:3      | Killed Jessica
  2861 | D:3      | Reached XP level 5. HP: 31/34 MP: 9/9
  2883 | D:3      | Found a stormy altar of Qazlal.
  3096 | D:3      | Found a glowing golden altar of the Shining One.
  3407 | D:4      | Reached XP level 6. HP: 18/39 MP: 6/10
  3660 | D:4      | Noticed a centaur
  3665 | D:4      | Found a blossoming altar of Fedhas.
  3967 | D:4      | Killed a centaur
  4186 | D:4      | Learned a level 3 spell: Conjure Flame
  4238 | D:4      | Reached skill level 4 in Conjurations
  4491 | D:4      | Got a crude hunting sling
  4492 | D:4      | Identified the +10 hunting sling of Yxaatiod {flame, rElec} (You found it on level 4 of the Dungeon)
  4559 | D:5      | Entered Level 5 of the Dungeon
  4559 | D:5      | Noticed Edmund
  4617 | D:5      | Reached XP level 7. HP: 45/45 MP: 11/11
  4757 | D:5      | Killed Edmund
  4757 | D:5      | Reached skill level 5 in Conjurations
  4795 | D:5      | Reached XP level 8. HP: 27/53 MP: 9/12
  5057 | D:5      | Reached skill level 6 in Conjurations
  5766 | D:6      | Reached skill level 5 in Dodging
  6164 | D:6      | Reached skill level 5 in Fighting
  6164 | D:6      | Reached skill level 7 in Conjurations
  6222 | D:6      | Found a deep blue altar of Sif Muna.
  6234 | D:6      | Reached XP level 9. HP: 45/61 MP: 5/13
  6293 | D:6      | Became a worshipper of Sif Muna the Loreminder
  6560 | D:6      | Learned a level 2 spell: Stoneskin
  6792 | D:6      | Reached skill level 1 in Shields
  6865 | D:7      | Found a shimmering altar of Xom.
  6875 | D:7      | Found a shimmering altar of Xom.
  6875 | D:7      | Found a shimmering altar of Xom.
  6890 | D:7      | Noticed Menkaure
  6898 | D:7      | Killed Menkaure
  7030 | D:7      | Noticed Prince Ribbit
  7043 | D:7      | Found a sand-covered staircase.
  7052 | Ossuary  | Entered an ossuary
  7407 | Ossuary  | Reached skill level 1 in Charms
  7407 | Ossuary  | Reached skill level 1 in Transmutations
  7407 | Ossuary  | Reached skill level 1 in Earth Magic
  7750 | D:7      | Found an iron altar of Okawaru.
  7805 | D:7      | Noticed Joseph
  7818 | D:7      | Shot with a sling bullet by Joseph

Vault maps used:
D:1:      lemuel_arrival_tunnels
D:2:      first_bread
D:3:      tso_oasis_becter, nicolae_overflow_crystal_walls, lemuel_round_altar,
          kennysheep_generic_room_10, uniq_jessica, uniq_crazy_yiuf_cottage
D:4:      fedhas_bush_and_centaur_altar
D:5:      uniq_edmund
D:6:      kennysheep_orc_sif_temple
D:7:      xom_redecorated, okawaru_gym_becter, temple_hall,
          nicolae_ossuary_entry_giza, uniq_prince_ribbit1, uniq_menkaure,
          uniq_joseph
Ossuary:  ossuary_due_cavern

Action                   |  1- 3 |  4- 6 |  7- 9 || total
-------------------------+-------+-------+-------++-------
Melee: Unarmed           |     1 |       |       ||     1
       Spear             |    11 |     7 |       ||    18
       Mace              |       |    98 |       ||    98
 Fire: Hunting sling     |       |     4 |   216 ||   220
Throw: Javelin           |       |     5 |       ||     5
 Cast: Magic Dart        |   108 |    29 |     3 ||   140
       Mephitic Cloud    |       |     4 |     6 ||    10
       Repel Missiles    |       |     1 |     2 ||     3
       Conjure Flame     |       |     2 |     8 ||    10
       Blink             |       |       |     4 ||     4
Evoke: Rod               |       |     4 |       ||     4
  Use: Scroll            |       |    10 |     7 ||    17
       Potion            |       |     1 |       ||     1
 Stab: Sleeping          |       |     3 |       ||     3
       Confused          |       |     2 |       ||     2
  Eat: Chunk             |     4 |     5 |     7 ||    16
       Pizza             |       |     2 |       ||     2
       Royal jelly       |       |     1 |       ||     1
       Beef jerky        |       |       |     1 ||     1
